[ PARTIDA AOE2 · #495047844 ]
UnrankedBizantinos vs Chinese
Equipo del jugador · VICT
Equipo rival · DERR
[ ANÁLISIS DE REPETICIÓN · EXTRAÍDO DE LA PARTIDA GRABADA ]
Feudal
8:58
Castillos
24:50
Imperial
35:31
| APM promedio | 65.9 |
| APM pico | 133 |
| eAPM promedio | 29.9 |
| Aldeanos / militares | 163 / 75 |
Foco
⚔️ 28.0% · 🌾 72.0%
Cataphract ×26 · Skirmisher ×20 · Scorpion ×7 · Bombard Cannon ×5 · Mangonel ×4 · Scout Cavalry ×4
Feudal
8:52
Castillos
25:48
Imperial
38:38
| APM promedio | 76.7 |
| APM pico | 186 |
| eAPM promedio | 32.2 |
| Aldeanos / militares | 125 / 100 |
Foco
⚔️ 56.7% · 🌾 43.3%
Skirmisher ×68 · Cavalry Archer ×9 · Chu Ko Nu ×7 · Monk ×6 · Spearman ×4 · Iron Pagoda ×3
Mapa de la partida
Recursos iniciales + cada clic de construcción. Líneas = muros · curvas = relieve. ◆ oro · ⬟ piedra · ● bayas · ✦ reliquia · ◌ hueco del cierre
Tu base· Abierta — hueco de 5t
Base de OJP· Abierta — hueco de 5t
Terreno inicial suavizado · ◌ = hueco del cierre detectado · pasá el cursor para detalles
Inputs por minuto
— 云闲 - - OJP
Build order — 云闲
Primeras 150 de 465 acciones detectadas
| 0:04 | Construir | House |
| 0:04 | Encolar | Villager (Male) |
| 0:05 | Encolar | Villager (Male) |
| 0:06 | Construir | House |
| 0:10 | Encolar | Villager (Male) |
| 0:10 | Encolar | Villager (Male) |
| 0:10 | Encolar | Villager (Male) |
| 1:37 | Encolar | Villager (Male) |
| 1:37 | Encolar | Villager (Male) |
| 1:37 | Encolar | Villager (Male) |
| 2:08 | Encolar | Villager (Male) |
| 2:08 | Encolar | Villager (Male) |
| 2:08 | Encolar | Villager (Male) |
| 2:24 | Encolar | Villager (Male) |
| 2:38 | Encolar | Villager (Male) |
| 2:38 | Encolar | Villager (Male) |
| 2:41 | Construir | Mill |
| 2:47 | Construir | Mill |
| 3:02 | Encolar | Villager (Male) |
| 3:36 | Encolar | Villager (Male) |
| 3:54 | Construir | House |
| 3:59 | Encolar | Villager (Male) |
| 4:16 | Encolar | Villager (Male) |
| 4:16 | Encolar | Villager (Male) |
| 4:50 | Encolar | Villager (Male) |
| 4:51 | Encolar | Villager (Male) |
| 5:11 | Encolar | Villager (Male) |
| 5:13 | Investigar | Loom |
| 5:13 | Investigar | Loom |
| 6:24 | Construir | Lumber Camp |
| 6:48 | Investigar | Feudal Age |
| 6:48 | Investigar | Feudal Age |
| 6:48 | Investigar | Feudal Age |
| 7:21 | Construir | House |
| 7:59 | Encolar | Villager (Male) |
| 8:12 | Construir | Barracks |
| 8:43 | Construir | House |
| 8:58 | Edad | Edad Feudal |
| 9:00 | Investigar | Double-Bit Axe |
| 9:03 | Encolar | Spearman |
| 9:07 | Encolar | Villager (Male) |
| 9:19 | Construir | Palisade Wall |
| 9:25 | Construir | Palisade Wall |
| 9:28 | Construir | Palisade Wall |
| 9:30 | Construir | Palisade Wall |
| 9:30 | Encolar | Villager (Male) |
| 9:33 | Construir | Archery Range |
| 9:38 | Encolar | Villager (Male) |
| 9:47 | Encolar | Spearman |
| 10:21 | Encolar | Skirmisher |
| 10:22 | Encolar | Villager (Male) |
| 10:33 | Encolar | Villager (Male) |
| 10:44 | Encolar | Skirmisher |
| 10:54 | Construir | House |
| 10:58 | Construir | Mill |
| 11:20 | Construir | Watch Tower |
| 11:24 | Encolar | Skirmisher |
| 11:24 | Encolar | Skirmisher |
| 11:25 | Encolar | Villager (Male) |
| 11:26 | Encolar | Villager (Male) |
| 11:26 | Encolar | Villager (Male) |
| 11:56 | Encolar | Villager (Male) |
| 12:16 | Encolar | Villager (Male) |
| 12:18 | Encolar | Villager (Male) |
| 12:39 | Encolar | Villager (Male) |
| 12:49 | Encolar | Skirmisher |
| 12:59 | Construir | Mining Camp |
| 13:18 | Encolar | Skirmisher |
| 13:24 | Encolar | Villager (Male) |
| 13:26 | Construir | House |
| 13:27 | Encolar | Villager (Male) |
| 13:40 | Encolar | Skirmisher |
| 13:47 | Construir | House |
| 13:51 | Construir | Farm |
| 13:52 | Construir | Farm |
| 13:56 | Construir | Farm |
| 14:03 | Construir | House |
| 14:05 | Encolar | Skirmisher |
| 14:07 | Construir | Farm |
| 14:10 | Construir | Farm |
| 14:11 | Construir | Farm |
| 14:12 | Construir | Farm |
| 14:12 | Construir | Farm |
| 14:12 | Construir | Farm |
| 14:12 | Construir | Farm |
| 14:13 | Encolar | Villager (Male) |
| 14:35 | Construir | Watch Tower |
| 14:42 | Construir | Watch Tower |
| 14:45 | Construir | Palisade Wall |
| 14:48 | Encolar | Skirmisher |
| 14:49 | Encolar | Villager (Male) |
| 14:54 | Construir | Palisade Wall |
| 14:59 | Encolar | Villager (Male) |
| 15:02 | Construir | Farm |
| 15:04 | Construir | Farm |
| 15:10 | Encolar | Skirmisher |
| 15:23 | Construir | Farm |
| 15:24 | Encolar | Villager (Male) |
| 15:40 | Construir | Palisade Wall |
| 15:41 | Construir | Palisade Wall |
| 15:49 | Encolar | Skirmisher |
| 15:51 | Encolar | Villager (Male) |
| 16:05 | Construir | Palisade Wall |
| 16:10 | Encolar | Villager (Male) |
| 16:13 | Construir | Stable |
| 16:26 | Construir | Outpost |
| 16:35 | Encolar | Villager (Male) |
| 16:37 | Construir | House |
| 16:41 | Construir | House |
| 16:50 | Construir | Watch Tower |
| 16:53 | Encolar | Scout Cavalry |
| 16:54 | Encolar | Scout Cavalry |
| 17:06 | Construir | Lumber Camp |
| 17:06 | Encolar | Villager (Male) |
| 17:09 | Encolar | Scout Cavalry |
| 17:40 | Construir | Palisade Wall |
| 17:40 | Construir | Palisade Wall |
| 17:41 | Construir | Palisade Wall |
| 17:41 | Construir | Palisade Wall |
| 17:43 | Construir | Palisade Wall |
| 17:45 | Encolar | Villager (Male) |
| 17:54 | Construir | Blacksmith |
| 18:05 | Encolar | Villager (Male) |
| 18:23 | Encolar | Skirmisher |
| 18:24 | Encolar | Skirmisher |
| 18:25 | Encolar | Villager (Male) |
| 18:33 | Investigar | Forging |
| 18:33 | Investigar | Forging |
| 18:35 | Encolar | Villager (Male) |
| 18:38 | Encolar | Villager (Male) |
| 18:45 | Encolar | Scout Cavalry |
| 18:50 | Encolar | Villager (Male) |
| 19:10 | Encolar | Skirmisher |
| 19:10 | Encolar | Skirmisher |
| 19:11 | Encolar | Villager (Male) |
| 19:16 | Construir | Farm |
| 19:17 | Construir | Farm |
| 19:17 | Construir | Farm |
| 19:17 | Construir | Farm |
| 19:17 | Construir | Farm |
| 19:17 | Construir | Farm |
| 19:18 | Construir | Farm |
| 19:18 | Construir | Farm |
| 19:18 | Construir | Farm |
| 19:32 | Encolar | Skirmisher |
| 19:32 | Encolar | Skirmisher |
| 19:38 | Construir | House |
| 19:54 | Construir | Mining Camp |
| 20:10 | Construir | Watch Tower |
| 20:13 | Encolar | Skirmisher |
Build order — OJP
Primeras 150 de 375 acciones detectadas
| 0:02 | Investigar | Loom |
| 0:43 | Encolar | Villager (Male) |
| 1:13 | Encolar | Villager (Male) |
| 1:37 | Encolar | Villager (Male) |
| 1:46 | Construir | Lumber Camp |
| 1:58 | Encolar | Villager (Male) |
| 2:20 | Encolar | Villager (Male) |
| 2:47 | Encolar | Villager (Male) |
| 2:57 | Construir | House |
| 3:19 | Encolar | Villager (Male) |
| 3:33 | Encolar | Villager (Male) |
| 3:53 | Encolar | Villager (Male) |
| 4:06 | Construir | Mill |
| 4:35 | Encolar | Villager (Male) |
| 4:57 | Encolar | Villager (Male) |
| 5:09 | Construir | House |
| 5:18 | Encolar | Villager (Male) |
| 5:31 | Construir | Palisade Gate |
| 5:42 | Encolar | Villager (Male) |
| 6:15 | Encolar | Villager (Male) |
| 6:42 | Investigar | Feudal Age |
| 6:42 | Investigar | Feudal Age |
| 6:56 | Construir | Lumber Camp |
| 7:30 | Encolar | Villager (Male) |
| 7:36 | Construir | House |
| 7:41 | Construir | House |
| 8:08 | Construir | Barracks |
| 8:09 | Construir | Palisade Wall |
| 8:11 | Construir | Palisade Wall |
| 8:14 | Construir | Palisade Wall |
| 8:17 | Construir | Palisade Wall |
| 8:18 | Construir | Palisade Wall |
| 8:19 | Construir | Palisade Wall |
| 8:38 | Construir | Palisade Wall |
| 8:42 | Construir | Palisade Wall |
| 8:44 | Construir | Palisade Wall |
| 8:48 | Encolar | Villager (Male) |
| 8:52 | Edad | Edad Feudal |
| 8:54 | Encolar | Villager (Male) |
| 9:06 | Construir | Archery Range |
| 9:08 | Construir | House |
| 9:10 | Encolar | Villager (Male) |
| 9:24 | Construir | Palisade Wall |
| 9:29 | Construir | Palisade Wall |
| 9:30 | Encolar | Villager (Male) |
| 9:36 | Construir | Palisade Wall |
| 9:37 | Construir | Palisade Wall |
| 9:38 | Construir | Palisade Wall |
| 9:46 | Encolar | Villager (Male) |
| 9:48 | Encolar | Skirmisher |
| 9:49 | Encolar | Skirmisher |
| 9:52 | Construir | Palisade Wall |
| 10:04 | Encolar | Skirmisher |
| 10:09 | Encolar | Villager (Male) |
| 10:21 | Construir | Watch Tower |
| 10:22 | Encolar | Villager (Male) |
| 10:41 | Construir | Mill |
| 10:41 | Encolar | Villager (Male) |
| 10:50 | Encolar | Villager (Male) |
| 10:51 | Construir | Farm |
| 10:58 | Construir | House |
| 11:01 | Encolar | Villager (Male) |
| 11:07 | Encolar | Skirmisher |
| 11:21 | Construir | Farm |
| 11:36 | Encolar | Villager (Male) |
| 11:52 | Encolar | Skirmisher |
| 12:02 | Encolar | Skirmisher |
| 12:13 | Encolar | Skirmisher |
| 12:13 | Encolar | Skirmisher |
| 12:37 | Encolar | Skirmisher |
| 12:53 | Encolar | Villager (Male) |
| 12:54 | Construir | Archery Range |
| 13:07 | Encolar | Skirmisher |
| 13:25 | Encolar | Villager (Male) |
| 13:43 | Encolar | Villager (Male) |
| 13:44 | Construir | Farm |
| 13:50 | Construir | Mining Camp |
| 13:51 | Construir | Mining Camp |
| 14:00 | Investigar | Town Watch |
| 14:02 | Construir | House |
| 14:09 | Construir | Palisade Wall |
| 14:19 | Construir | Farm |
| 14:23 | Construir | Farm |
| 14:27 | Encolar | Villager (Male) |
| 14:36 | Construir | House |
| 14:38 | Construir | House |
| 14:42 | Encolar | Villager (Male) |
| 14:43 | Construir | Farm |
| 14:52 | Encolar | Villager (Male) |
| 15:03 | Encolar | Skirmisher |
| 15:06 | Encolar | Villager (Male) |
| 15:10 | Construir | Farm |
| 15:16 | Construir | Farm |
| 15:24 | Encolar | Villager (Male) |
| 15:38 | Construir | Farm |
| 15:47 | Encolar | Villager (Male) |
| 15:48 | Encolar | Skirmisher |
| 15:56 | Encolar | Villager (Male) |
| 16:02 | Construir | Watch Tower |
| 16:13 | Encolar | Skirmisher |
| 16:13 | Encolar | Skirmisher |
| 16:15 | Encolar | Skirmisher |
| 16:15 | Encolar | Skirmisher |
| 16:19 | Encolar | Villager (Male) |
| 16:26 | Encolar | Skirmisher |
| 16:34 | Construir | Outpost |
| 16:36 | Encolar | Villager (Male) |
| 16:39 | Encolar | Skirmisher |
| 16:52 | Construir | Farm |
| 17:02 | Encolar | Villager (Male) |
| 17:06 | Construir | Farm |
| 17:07 | Encolar | Villager (Male) |
| 17:13 | Construir | House |
| 17:20 | Encolar | Skirmisher |
| 17:21 | Encolar | Skirmisher |
| 17:44 | Encolar | Villager (Male) |
| 17:53 | Construir | Mining Camp |
| 18:06 | Encolar | Villager (Male) |
| 18:07 | Encolar | Skirmisher |
| 18:07 | Encolar | Skirmisher |
| 18:25 | Encolar | Skirmisher |
| 18:28 | Encolar | Villager (Male) |
| 18:37 | Encolar | Skirmisher |
| 18:39 | Encolar | Skirmisher |
| 18:40 | Construir | House |
| 18:49 | Encolar | Spearman |
| 18:56 | Encolar | Spearman |
| 19:11 | Encolar | Skirmisher |
| 19:11 | Encolar | Skirmisher |
| 19:26 | Encolar | Skirmisher |
| 19:28 | Encolar | Spearman |
| 19:52 | Construir | House |
| 19:53 | Encolar | Skirmisher |
| 19:54 | Encolar | Skirmisher |
| 20:08 | Investigar | Wheelbarrow |
| 20:15 | Encolar | Skirmisher |
| 20:17 | Encolar | Villager (Male) |
| 20:25 | Construir | Watch Tower |
| 20:45 | Encolar | Spearman |
| 21:01 | Encolar | Villager (Male) |
| 21:07 | Encolar | Skirmisher |
| 21:08 | Encolar | Villager (Male) |
| 21:09 | Construir | Blacksmith |
| 21:25 | Encolar | Villager (Male) |
| 21:42 | Encolar | Villager (Male) |
| 21:51 | Investigar | Fletching |
| 21:53 | Encolar | Villager (Male) |
| 21:54 | Construir | Farm |
| 22:09 | Encolar | Villager (Male) |
| 22:11 | Construir | Market |
Cronología de la partida
| 8:08 | OJP · first_building Barracks |
| 8:09 | OJP · wall_segment Palisade Wall x1 |
| 8:11 | OJP · wall_segment Palisade Wall x1 |
| 8:12 | 云闲 · first_building Barracks |
| 8:14 | OJP · wall_segment Palisade Wall x1 |
| 8:17 | OJP · wall_segment Palisade Wall x1 |
| 8:18 | OJP · wall_segment Palisade Wall x1 |
| 8:19 | OJP · wall_segment Palisade Wall x1 |
| 8:38 | OJP · wall_segment Palisade Wall x2 |
| 8:42 | OJP · wall_segment Palisade Wall x1 |
| 8:44 | OJP · wall_segment Palisade Wall x8 |
| 8:52 | OJP · age_up feudal |
| 8:58 | 云闲 · age_up feudal |
| 9:06 | OJP · first_building Archery Range |
| 9:19 | 云闲 · wall_segment Palisade Wall x1 |
| 9:24 | OJP · wall_segment Palisade Wall x7 |
| 9:25 | 云闲 · wall_segment Palisade Wall x1 |
| 9:28 | 云闲 · wall_segment Palisade Wall x1 |
| 9:29 | OJP · wall_segment Palisade Wall x1 |
| 9:30 | 云闲 · wall_segment Palisade Wall x1 |
| 9:33 | 云闲 · first_building Archery Range |
| 9:36 | OJP · wall_segment Palisade Wall x1 |
| 9:37 | OJP · wall_segment Palisade Wall x1 |
| 9:38 | OJP · wall_segment Palisade Wall x1 |
| 9:52 | OJP · wall_segment Palisade Wall x1 |
| 14:09 | OJP · wall_segment Palisade Wall x1 |
| 14:45 | 云闲 · wall_segment Palisade Wall x1 |
| 14:54 | 云闲 · wall_segment Palisade Wall x1 |
| 15:40 | 云闲 · wall_segment Palisade Wall x1 |
| 15:41 | 云闲 · wall_segment Palisade Wall x1 |
| 16:05 | 云闲 · wall_segment Palisade Wall x1 |
| 16:13 | 云闲 · first_building Stable |
| 17:40 | 云闲 · wall_segment Palisade Wall x1 |
| 17:40 | 云闲 · wall_segment Palisade Wall x1 |
| 17:41 | 云闲 · wall_segment Palisade Wall x1 |
| 17:41 | 云闲 · wall_segment Palisade Wall x1 |
| 17:43 | 云闲 · wall_segment Palisade Wall x1 |
| 21:55 | 云闲 · first_market_sell 100 food |
| 21:57 | 云闲 · first_market_buy 100 food |
| 22:20 | 云闲 · wall_segment Palisade Wall x1 |
| 22:25 | 云闲 · wall_segment Palisade Wall x7 |
| 22:28 | 云闲 · wall_segment Palisade Wall x8 |
| 23:01 | OJP · first_market_sell 100 stone |
| 23:02 | OJP · first_market_buy 100 food |
| 24:50 | 云闲 · age_up castle |
| 25:48 | OJP · age_up castle |
| 25:52 | 云闲 · first_building Monastery |
| 26:49 | OJP · first_building Monastery |
| 27:04 | 云闲 · first_building Siege Workshop |
| 28:58 | 云闲 · first_building Castle |
| 30:47 | OJP · first_building Siege Workshop |
| 35:31 | 云闲 · age_up imperial |
| 36:06 | OJP · first_building Castle |
| 38:38 | OJP · age_up imperial |
| 39:00 | OJP · wall_segment Palisade Wall x1 |
| 40:28 | OJP · first_building Stable |
| 40:58 | OJP · resign |
[ ANÁLISIS IA · 1 CRÉDITO ]
¿Qué pasó realmente en esta partida?
Wolo.gg analiza cada decisión: build order, eco, micro, errores típicos por bracket. Análisis personalizado por WhatsApp o Discord en 30 segundos.
Guía civ
Bizantinos
Perfil
Jugador #5902182